AoeStats
← dfsevillanom

Arabia

510812197Analyzed
3v3 RM · 12h ago on Oct 2, 2026· 49m 12s· 6 players
Game mode
Random Map
Map size
Normal (6 player)
Population
200
Speed
Normal
Resources
Standard
Victory
Conquest
Starting age
Dark Age
Ending age
Imperial Age
RankedLock teamsTeams togetherTeam positionsShared explorationLock speedFull tech treeHidden civsTurbo modeCheats
Victory
Defeat
🇵🇪 Romans · Peru
1035
+13
🇵🇪 Persians · Peru
947
+17
🇨🇱 Khmer · Chile
919
+17
🇸🇮 Sicilians · Slovenia
988
-17
🇨🇳 Cumans · China
953
-15
🇩🇪 Persians · Germany
944
-15
Orson Welles
9:19 Loom
11:05 Feudal Age
11:54 Double-Bit Axe
17:21 Horse Collar
19:02 Scale Barding Armor
22:00 Castle Age
23:39 Bow Saw
23:31 Heavy Plow
25:01 Husbandry
25:12 Bloodlines
26:02 Scale Barding Armor
26:35 Forging
26:22 Gold Mining
29:19 Stone Mining
30:04 Chain Barding Armor
31:35 Wheelbarrow
32:29 Iron Casting
34:12 Fletching
36:03 Ballistics
37:07 Town Watch
41:29 Imperial Age
39:17 Hand Cart
41:34 Elite Battle Elephant
41:37 Heavy Scorpion
45:13 Chemistry
44:19 Siege Engineers
46:18 Blast Furnace
46:10 Plate Barding Armor
47:01 Double Crossbow
dfsevillanom
6:50 Loom
9:30 Feudal Age
11:33 Man-at-Arms
14:43 Scale Mail Armor
15:35 Double-Bit Axe
15:32 Horse Collar
17:50 Forging
21:57 Castle Age
22:15 Long Swordsman
23:14 Chain Mail Armor
25:55 Bow Saw
26:08 Squires
26:00 Pikeman
32:41 Elite Skirmisher
34:09 Wheelbarrow
36:06 Imperial Age
36:20 Legionary
36:23 Heavy Scorpion
38:59 Ballistics
40:04 Halberdier
42:04 Iron Casting
42:01 Hand Cart
42:46 Fletching
43:56 Blast Furnace
45:01 Chemistry
45:23 Capped Ram
Mister Carlitos
6:00 Loom
9:46 Feudal Age
13:05 Double-Bit Axe
20:14 Castle Age
19:37 Bloodlines
19:40 Forging
21:00 Scale Barding Armor
21:43 Husbandry
31:45 Iron Casting
32:41 Bow Saw
33:26 Chain Barding Armor
40:48 Kamandaran
45:34 Imperial Age
43:44 Fletching
43:55 Padded Archer Armor
43:21 Crossbowman
44:07 Thumb Ring
47:05 Cavalier
50:27 Two-Man Saw
50:12 Plate Barding Armor
50:38 Blast Furnace
49:34 Bodkin Arrow
XXL070
3:34 Loom
4:26 Loom
11:12 Feudal Age
10:42 Loom
12:02 Double-Bit Axe
20:06 Horse Collar
21:42 Wheelbarrow
27:51 Castle Age
25:45 Fletching
25:55 Padded Archer Armor
27:10 Gold Mining
28:41 Bodkin Arrow
50:08 Imperial Age
49:02 Ballistics
49:14 Murder Holes
CRi
1:00 Loom
10:56 Feudal Age
19:14 Castle Age
17:51 Double-Bit Axe
18:34 Horse Collar
19:54 Bow Saw
20:32 Gold Mining
20:52 Scale Barding Armor
26:08 Bloodlines
27:20 Heavy Plow
28:49 Forging
29:51 Chain Barding Armor
29:52 Town Watch
36:14 Iron Casting
37:50 Wheelbarrow
38:05 Husbandry
45:23 Pikeman
46:08 Squires
45:57 Arson
46:34 Scale Mail Armor
沐潪
5:44 Loom
5:48 Loom
11:36 Feudal Age
23:44 Castle Age
24:54 Wheelbarrow
24:10 Double-Bit Axe
25:24 Gold Mining
25:25 Stone Mining
26:56 Pikeman
31:32 Bloodlines
38:41 Fletching
45:43 Hand Cart
Connection lost

Rejoining the realm…

Still unreachable

The connection could not be restored.

Session expired

The server has moved on; the page needs a fresh start.